 Dungeon Crawl Stone Soup version 0.18.1-50-g88ac8fd (console) character file.

15868 CALLOUS the Covert (level 12, -2/89 HPs)
             Began as a Vampire Skald on Dec 14, 2018.
             Slain by a spiny frog (13 damage)
             ... on level 1 of the Lair of Beasts on Jan 4, 2019.
             The game lasted 13:51:27 (31320 turns).

CALLOUS the Covert (Vampire Skald)                 Turns: 31320, Time: 13:51:31

Health: -2/89      AC:  7    Str: 13    XL:     12   Next: 5%
Magic:  13/21      EV: 21    Int: 17    God:    Xom [....*.]
Gold:   661        SH:  0    Dex: 20    Spells: 8 memorised, 4 levels left

rFire  . . .     SeeInvis +     Z - +1 dagger (chaos)
rCold  + + +     Gourm    .     M - troll hide
rNeg   + + +     Faith    .     (no shield)
rPois  +         Spirit   .     (helmet restricted)
rElec  .         Dismiss  .     h - +2 cloak
rCorr  .         Reflect  .     (no gloves)
SustAt .         Harm     .     L - +0 pair of boots
MR     +....                    (no amulet)
Stlth  ++++++....               (no ring)
                                (no ring)

@: corroded, regenerating, somewhat resistant to hostile enchantments, very
stealthy
A: antennae 2, fangs 3, repulsion field 1, iridescent scales 1, slimy green
scales 1, see invisible, agile 1, clever 1, cold resistance 1, deformed body,
sense surroundings 1, poison resistance, robust 1, screaming 1, strong 1,
unbreathing
a: Bat Form, Renounce Religion


You were on level 1 of the Lair of Beasts.
You worshipped Xom.
You were a beloved toy of Xom.
You were near bloodless.

You visited 3 branches of the dungeon, and saw 15 of its levels.

You collected 661 gold pieces.

Inventory:

Hand Weapons
 a - a +2 dagger of venom
 b - a +1 dagger of protection
 j - a +2 spear of piercing
 v - a +1 scimitar of flaming
 H - a +0 blowgun
 K - a +1 dagger of pain
 U - a +0 shortbow
 X - a +0 arbalest of flaming
 Z - a +1 dagger of chaos (weapon)
Missiles
 y - 220 stones
 A - 18 tomahawks (quivered)
 G - 47 poisoned needles
 I - 4 needles of confusion
 T - 220 arrows
Armour
 h - a +2 cloak (worn)
 m - a +2 robe of resistance
 L - a +0 pair of boots (worn)
 M - a troll hide (worn)
Magical Staves
 N - an uncursed staff of wizardry
 S - an uncursed staff of energy {unknown}
Jewellery
 t - an uncursed ring of ice
Wands
 u - a wand of paralysis (7/24)
 z - a wand of heal wounds (4/9)
 E - a wand of acid (6/15)
 J - a wand of random effects (9/48)
 W - a wand of lightning (7/15)
 Y - a wand of flame (16/48)
Scrolls
 e - 3 scrolls of immolation {unknown}
 f - 12 scrolls of identify {ident?, unknown}
 k - 2 scrolls of noise {unknown}
 n - 2 scrolls of enchant armour {unknown}
 r - 3 scrolls of amnesia {unknown}
 s - 2 scrolls of recharging {unknown}
 w - 3 scrolls of fog {god, unknown}
 B - 2 scrolls of fear {unknown}
 C - 9 scrolls of teleportation
 F - 3 scrolls of enchant weapon {unknown}
 O - 2 scrolls of blinking {unknown}
 P - a scroll of magic mapping {unknown}
Potions
 d - 9 potions of blood
 o - a potion of invisibility
 q - a potion of haste
 V - 2 potions of heal wounds


   Skills:
 + Level 3.3 Fighting
 * Level 7.2 Short Blades
 - Level 0.7 Armour
 * Level 8.8 Dodging
 * Level 11.8 Stealth
 + Level 6.1 Spellcasting
 * Level 8.4 Hexes
 * Level 9.6 Charms
 * Level 6.9 Necromancy
 * Level 6.3 Transmutations
 + Level 0.5 Evocations


You had 4 spell levels left.
You knew the following spells:

 Your Spells              Type           Power        Failure   Level  Hunger
a - Infusion              Chrm           ####         1%          1    None
b - Spectral Weapon       Hex/Chrm       #####...     1%          3    ##.....
c - Regeneration          Chrm/Necr      ####......   1%          3    ##.....
d - Shroud of Golubria    Chrm/Tloc      ###.......   4%          2    None
e - Passwall              Trmt/Erth      ###.......   10%         2    None
f - Dazzling Spray        Conj/Hex       ###...       12%         3    ##.....
g - Fulminant Prism       Conj/Hex       ###.......   30%         4    ####...
h - Animate Skeleton      Necr           N/A          1%          1    None


Dungeon Overview and Level Annotations

Branches:
Dungeon (13/15)            Temple (1/1) D:5            Lair (1/8) D:9
    Orc (0/2) D:10
 Vaults: D:13-14

Altars:
Ashenzari
Elyvilon
Fedhas
Gozag
Kikubaaqudgha
Makhleb
Nemelex Xobeh
Okawaru
Pakellas
Qazlal
Ru
Sif Muna
Trog
Vehumet
Xom
Yredelemnul
Zin
The Shining One

Shops:
D:5 :

Annotations:
D:3 6opED, exclusion: oklob plant
D:6 1 exclusion
D:7 1 exclusion
D:8 2 exclusions
D:9 2 exclusions
D:10 1 exclusion
D:11 exclusion: hill giant, Snorg


Innate Abilities, Weirdness & Mutations

You heal slowly.
You have razor-sharp teeth.
You have supernaturally acute eyesight.
You can survive without breathing.
You have a pair of antennae on your head.
You are surrounded by a mild repulsion field (EV +2).
You are partially covered in iridescent scales (AC +4).
You are partially covered in slimy green scales (AC +2).
You are agile. (Dex +2)
Your mind is acute. (Int +2)
Your flesh is cold resistant.
Armour fits poorly on your strangely shaped body.
You passively map a small area around you.
Your system is resistant to poisons.
You are robust (+10% HP).
You occasionally shout uncontrollably at your foes.
Your muscles are strong. (Str +2)


Message History

The entropy weaver is moderately wounded.
Your spectral weapon hits the entropy weaver but does no damage.
You closely miss the entropy weaver.
The entropy weaver is moderately wounded.
Your spectral weapon hits the entropy weaver.
The entropy weaver casts a spell.
The entropic weave corrodes you! The spiny frog closely misses you.
Your yak skeleton closely misses the entropy weaver.
You hit the entropy weaver but do no damage.
Your bite misses the entropy weaver.
The entropy weaver is moderately wounded.
Your spectral weapon barely misses the entropy weaver.
The entropy weaver hits you.
* * * LOW HITPOINT WARNING * * *
The entropy weaver barely misses you. The entropy weaver hits you!
* * * LOW HITPOINT WARNING * * *
The entropy weaver hits you but does no damage.
The spiny frog stings you!
You die...
Xom roars with laughter!

#....................#,
#P..................## ,
##...................# , , ,
#...................##, ,
....................#.......$..
.#%.................##.........,
#..................###.........
##.................# #.........
#.................# #..F...... ,
#P..............F## #.........
###%...........@p.###.?.......
#.###########.(Z............ ###
#..#............ ,
#######......... #.........
#..#...... ** **..##...... ≈
..#*#$.... , * * *..## ####. *≈
* * ≈ ,


You could see an entropy weaver, a spiny frog, a friendly spectral dagger of
chaos and a friendly yak skeleton.

Vanquished Creatures
  Josephine (D:11)
  Erica (D:11)
  An unseen horror (D:10)
  A hill giant (D:12)
  2 ugly things
  A centaur skeleton (D:12)
  A troll (D:12)
  A wind drake (D:8)
  5 blink frogs (Lair:1)
  A vampire (D:12)
  3 yaks (Lair:1)
  5 wraiths
  A soldier ant (D:10)
  A mottled dragon (D:11)
  A porcupine (Lair:1)
  A water moccasin (D:11)
  10 orc warriors
  7 sky beasts
  A necrophage (D:10)
  5 ice beasts
  5 black bears
  3 ogres
  2 phantoms
  11 centaurs
  A crocodile (D:6)
  3 big kobolds
  6 giant frogs
  A gnoll sergeant (D:7)
  3 scorpions
  19 killer bees
  5 wights (D:12)
  6 howler monkeys
  6 crimson imps
  A wasp zombie (D:8)
  4 hounds
  2 quasits
  9 jellies
  10 orc priests
  6 giant frog skeletons
  Crazy Yiuf (D:7)
  7 iguanas
  18 orc wizards
  Ijyb (D:2)
  9 worker ants
  A worker ant (shapeshifter) (D:10)
  2 sheep
  A hound zombie (D:8)
  2 worker ant zombies
  A howler monkey zombie (D:10)
  Robin (D:1)
  12 adders
  6 gnolls
  11 river rats
  7 shadow imps
  2 oozes
  An adder skeleton (D:5)
  A worm (shapeshifter) (D:7)
  3 worms
  3 dart slugs
  3 giant geckos
  59 orcs
  4 giant cockroaches
  14 goblins
  10 hobgoblins
  14 jackals
  24 kobolds
  8 quokkas
  A ball python (D:3)
  19 bats
  A giant gecko skeleton (D:4)
  6 giant newts
  A quokka skeleton (D:9)
  A quokka zombie (D:7)
  25 rats
433 creatures vanquished.

Vanquished Creatures (collateral kills)
  A centaur skeleton (D:12)
  2 trolls
  A yak (D:9)
  2 orc warriors
  A sky beast (D:10)
  2 centaurs (D:12)
  2 giant frogs (D:12)
  A jelly (D:10)
  A killer bee (D:8)
  2 orc priests (D:9)
  A giant frog skeleton (D:6)
  2 orc wizards
  A worker ant (D:7)
  A river rat (D:6)
  A shadow imp (D:6)
  An ooze (D:6)
  An adder skeleton (D:6)
  7 orcs
  A rat (D:6)
31 creatures vanquished.

Vanquished Creatures (others)
  A yak (D:13)
  2 killer bees (D:13)
  A worker ant zombie (D:11)
  A rat (D:6)
  5 spectral weapons
10 creatures vanquished.

Grand Total: 474 creatures vanquished

Notes
Turn   | Place    | Note
--------------------------------------------------------------
     0 | D:1      | CALLOUS the Vampire Skald began the quest for the Orb.
     0 | D:1      | Reached XP level 1. HP: 16/16 MP: 3/3
   587 | D:1      | Reached XP level 2. HP: 22/22 MP: 1/5
   930 | D:1      | Reached skill level 1 in Stealth
  1350 | D:2      | Noticed Robin
  1528 | D:1      | Killed Robin
  1528 | D:1      | Reached XP level 3. HP: 27/27 MP: 2/6
  1533 | D:1      | Learned a level 3 spell: Spectral Weapon
  2070 | D:2      | Noticed Ijyb
  2120 | D:2      | Killed Ijyb
  2120 | D:2      | Reached XP level 4. HP: 17/33 MP: 3/7
  2316 | D:2      | Reached skill level 2 in Stealth
  2327 | D:2      | Learned a level 3 spell: Regeneration
  3146 | D:2      | Found a glowing golden altar of the Shining One.
  3146 | D:2      | Found an iron altar of Okawaru.
  3150 | D:2      | Found a stormy altar of Qazlal.
  3152 | D:2      | Found a sacrificial altar of Ru.
  3152 | D:2      | Found a sparkling altar of Nemelex Xobeh.
  3153 | D:2      | Found a white marble altar of Elyvilon.
  3154 | D:2      | Found a shattered altar of Ashenzari.
  3156 | D:2      | Found a deep blue altar of Sif Muna.
  3158 | D:2      | Found an ancient bone altar of Kikubaaqudgha.
  3164 | D:2      | Became a worshipper of Ru the Awakened
  3611 | D:2      | Reached skill level 3 in Stealth
  3611 | D:2      | Reached skill level 1 in Hexes
  3933 | D:2      | Reached XP level 5. HP: 38/38 MP: 2/8
  5118 | D:3      | Found a glowing silver altar of Zin.
  5769 | D:3      | Reached skill level 1 in Necromancy
  6400 | D:3      | Learned a level 2 spell: Shroud of Golubria
  7056 | D:3      | Reached XP level 6. HP: 44/44 MP: 9/9
  7065 | D:3      | Reached skill level 4 in Stealth
  7233 | D:2      | Fell from the grace of Ru
  7234 | D:2      | Became a worshipper of Ru the Awakened
  7388 | D:3      | Found a blossoming altar of Fedhas.
  7517 | D:3      | Noticed an oklob plant
  8869 | D:5      | Entered Level 5 of the Dungeon
  8877 | D:5      | Found a staircase to the Ecumenical Temple.
  8884 | Temple   | Entered the Ecumenical Temple
  9027 | Temple   | Fell from the grace of Ru
  9027 | Temple   | Became a worshipper of Xom of Chaos
  9183 | D:5      | XOM: silly message
  9213 | D:4      | XOM: cast spell 'Summon Small Mammal'
  9214 | D:4      | XOM: cast spell 'Summon Small Mammal'
  9219 | D:4      | XOM: cast spell 'Summon Small Mammal'
  9222 | D:4      | XOM: potion effect (heal wounds)
  9229 | D:4      | XOM: potion effect (curing)
  9237 | D:4      | Reached skill level 5 in Charms
  9237 | D:4      | Reached XP level 7. HP: 25/51 MP: 6/11
  9342 | D:3      | Learned a level 2 spell: Passwall
  9664 | D:5      | Reached skill level 5 in Stealth
 10128 | D:6      | XOM: cast spell 'Death Channel'
 10266 | D:6      | Reached skill level 1 in Transmutations
 10373 | D:6      | XOM is BORED!
 10373 | D:6      | XOM: summons 3 hostile demons
 10455 | D:5      | XOM: harmless Trmt miscast
 10797 | D:6      | XOM: mild Chrm miscast
 10808 | D:6      | XOM: confuse monster(s)
 11012 | D:6      | XOM: enchant monster (good)
 11023 | D:6      | XOM: destruction
 11049 | D:6      | Reached skill level 6 in Stealth
 11049 | D:6      | Reached XP level 8. HP: 35/57 MP: 4/12
 11100 | D:5      | XOM: scenery: create altars
 11282 | D:7      | XOM: cast spell 'Dispersal'
 11345 | D:7      | XOM: swap monsters
 11612 | D:7      | XOM: harmless Hex miscast
 11644 | D:7      | Reached skill level 7 in Stealth
 11741 | D:7      | Noticed Crazy Yiuf
 11744 | D:7      | XOM: confuse monster(s)
 11745 | D:7      | XOM: noise
 11778 | D:7      | Killed Crazy Yiuf
 11897 | D:7      | XOM: harmless Fire miscast
 11975 | D:7      | XOM: harmless Conj miscast
 11999 | D:7      | XOM: chaos upgrade
 12089 | D:7      | XOM: summons 4 hostile demons
 12090 | D:7      | Noticed a sixfirhy
 12097 | D:8      | XOM: mild Erth miscast
 12108 | D:8      | Noticed a queen bee
 12114 | D:8      | HP: 2/57 [killer bee (2)]
 12238 | D:8      | XOM: mild Summ miscast
 12247 | D:8      | Reached skill level 5 in Hexes
 12436 | D:8      | XOM: god gift: scroll labeled HIUCWA QOPUIGO
 12442 | D:8      | Reached skill level 5 in Dodging
 12460 | D:8      | Reached XP level 9. HP: 30/62 MP: 6/14
 12598 | D:8      | Noticed a wind drake
 12598 | D:8      | a queen bee changed into a wind drake
 12598 | D:8      | XOM: polymorph queen bee -> wind drake
 12611 | D:8      | Killed a wind drake
 12624 | D:8      | XOM: 1-stop teleportation journey
 12626 | D:8      | XOM: enchant monster (bad)
 12632 | D:8      | XOM: summons friendly shadow imp
 12643 | D:8      | Reached skill level 8 in Stealth
 12665 | D:8      | XOM: summons 5 friendly demons
 12770 | D:8      | XOM: mild Divn miscast
 13401 | D:7      | XOM: harmless Summ miscast
 14041 | D:5      | XOM: harmless Summ miscast
 14145 | D:5      | XOM: god gift: slice of pizza
 14491 | D:5      | XOM: scenery: create altars
 14506 | D:5      | XOM: harmless Fire miscast
 14562 | D:5      | XOM: confuse monster(s)
 14813 | D:5      | XOM: swap monsters
 14999 | D:5      | Found Deffeqacve's Book Emporium.
 15578 | D:8      | XOM: cast spell 'Summon Small Mammal'
 15720 | D:8      | Reached skill level 5 in Short Blades
 15906 | D:8      | XOM: colour smoke trail
 15919 | D:8      | XOM: enchant monster (good)
 15922 | D:8      | XOM: enchant monster (good)
 15941 | D:8      | XOM: divination: detect creatures
 16111 | D:8      | Found an opulent altar of Gozag.
 16186 | D:8      | XOM: enchant monster (good)
 16192 | D:8      | XOM: enchant monster (good)
 16312 | D:8      | XOM: 1-stop teleportation journey
 16508 | D:6      | XOM: enchant monster (good)
 16687 | D:6      | Reached XP level 10. HP: 70/70 MP: 16/16
 16777 | D:6      | XOM: harmless Pois miscast
 16925 | D:6      | XOM: give mutation
 16925 | D:6      | Gained mutation: Your mind is acute. (Int +2) [Xom's grace]
 16955 | D:6      | Reached skill level 5 in Necromancy
 17047 | D:7      | Got a blackened falchion {drain}
 17125 | D:7      | XOM: noise
 17163 | D:7      | XOM: polymorph orc wizard -> adder
 17225 | D:7      | XOM: harmless Divn miscast
 17231 | D:7      | XOM: divination: magic mapping
 17303 | D:7      | XOM: god gift: 32 gold pieces
 17311 | D:7      | XOM: enchant monster (good)
 17320 | D:7      | XOM: harmless Divn miscast
 17341 | D:7      | XOM: summons 2 friendly demons
 17418 | D:7      | XOM: divination: detect creatures
 17492 | D:7      | XOM: summons 3 friendly demons
 17671 | D:7      | XOM: potion effect (invisibility)
 17684 | D:7      | Reached skill level 9 in Stealth
 17685 | D:7      | XOM: fake destruction
 17804 | D:7      | Found an oddly glowing altar of Pakellas.
 18648 | D:7      | XOM: polymorph jelly -> river rat
 19208 | D:8      | XOM: give mutations
 19208 | D:8      | Gained mutation: You are partially covered in slimy green scales (AC +2). [Xom's grace]
 19208 | D:8      | Gained mutation: You are surrounded by a mild repulsion field (EV +2). [Xom's grace]
 19682 | D:8      | XOM is BORED!
 19682 | D:8      | XOM: give mutations
 19682 | D:8      | Gained mutation: You occasionally shout uncontrollably at your foes. [Xom's mischief]
 19682 | D:8      | Gained mutation: Armour fits poorly on your strangely shaped body. [Xom's mischief]
 20610 | D:8      | XOM: repel stairs
 20635 | D:8      | XOM: enchant monster (bad)
 21306 | D:9      | XOM: stat loss: -1 Str (10/11)
 21464 | D:9      | XOM: scenery: create altars
 21636 | D:9      | XOM: medium Tloc miscast
 21821 | D:8      | XOM: harmless Erth miscast
 21928 | D:9      | XOM: 1-stop teleportation journey
 22365 | D:9      | XOM: medium Erth miscast
 22482 | D:9      | XOM: give mutations
 22482 | D:9      | Gained mutation: You are partially covered in iridescent scales (AC +4). [Xom's grace]
 22482 | D:9      | Gained mutation: Your muscles are strong. (Str +2) [Xom's grace]
 22482 | D:9      | Gained mutation: Your flesh is cold resistant. [Xom's grace]
 22605 | D:9      | XOM: fog
 22850 | D:9      | XOM: divination: magic mapping
 23175 | D:9      | XOM: summons friendly shadow imp
 23237 | D:9      | XOM: scenery: create altars
 23438 | D:9      | Found a staircase to the Lair.
 23797 | D:4      | XOM: destruction
 23846 | D:4      | XOM: god gift: curved runed staff {god gift}
 23906 | D:3      | XOM: vitrification
 24192 | D:6      | XOM: give mutations
 24192 | D:6      | Gained mutation: You are robust (+10% HP). [Xom's grace]
 24192 | D:6      | Gained mutation: You have a pair of small antennae on your head. [Xom's grace]
 24192 | D:6      | Gained mutation: You are agile. (Dex +2) [Xom's grace]
 24192 | D:6      | Gained mutation: You have a pair of antennae on your head. [Xom's grace]
 24262 | D:6      | XOM: god gift: scroll labeled FUUSAO TURCH
 24478 | D:8      | Got a dazzling hand crossbow
 24532 | D:9      | Found a blossoming altar of Fedhas.
 24578 | D:9      | Learned a level 3 spell: Dazzling Spray
 24589 | D:9      | Learned a level 4 spell: Fulminant Prism
 24610 | D:10     | Entered Level 10 of the Dungeon
 24622 | D:10     | XOM: swap monsters
 24644 | D:10     | Reached skill level 10 in Stealth
 24729 | D:9      | Reached skill level 5 in Spellcasting
 24864 | D:10     | XOM: god gift: leatherbound book {god gift}
 24929 | D:10     | Learned a level 1 spell: Animate Skeleton
 25126 | D:10     | XOM: 7-stop teleportation journey
 25183 | D:10     | Found a staircase to the Orcish Mines.
 25223 | D:10     | XOM: confuse monster(s)
 25361 | D:10     | XOM: 7-stop teleportation journey
 25589 | D:9      | XOM: fake destruction
 25793 | D:10     | Noticed an unseen horror
 25802 | D:10     | an unseen horror changed into a soldier ant
 25802 | D:10     | XOM: polymorph unseen horror -> soldier ant
 25899 | D:9      | XOM: summons 2 hostile demons
 26131 | D:10     | Noticed an unseen horror
 26146 | D:10     | XOM: confusion (+ monsters)
 26147 | D:10     | an unseen horror changed into an ice beast
 26147 | D:10     | XOM: polymorph unseen horror -> ice beast
 26180 | D:10     | XOM: destruction
 26200 | D:10     | XOM: divination: magic mapping
 26239 | D:10     | XOM: swap monsters
 26259 | D:10     | XOM: scenery: 1 doors close
 26374 | D:10     | Reached XP level 11. HP: 82/82 MP: 11/18
 26463 | D:10     | Reached skill level 5 in Transmutations
 26491 | D:10     | XOM: summons 9 friendly demons
 26756 | D:10     | Noticed an unseen horror
 26765 | D:10     | XOM: swap monsters
 26768 | D:10     | XOM: potion effect (agility)
 26770 | D:10     | Killed an unseen horror
 26841 | D:10     | XOM: give mutations
 26841 | D:10     | Gained mutation: You passively map a small area around you. [Xom's grace]
 26841 | D:10     | Gained mutation: Your system is resistant to poisons. [Xom's grace]
 27141 | D:10     | XOM: god gift: encrusted ivory wand {god gift}
 27869 | D:10     | XOM: polymorph gnoll -> kobold
 27980 | D:11     | XOM: mild Trmt miscast
 28065 | D:11     | Noticed a green ugly thing
 28065 | D:11     | XOM: harmless Chrm miscast
 28076 | D:12     | Noticed a hill giant
 28091 | D:12     | Killed a hill giant
 28092 | D:12     | XOM: harmless Air miscast
 28102 | D:12     | XOM: cast spell 'Summon Butterflies'
 28143 | D:12     | XOM: potion effect (brilliance)
 28253 | D:10     | XOM: mild Trmt miscast
 28399 | D:11     | Killed a green ugly thing
 28694 | D:11     | Noticed Josephine
 28703 | D:11     | XOM: silly message
 28721 | D:11     | XOM: confusion (+ monsters)
 28728 | D:11     | XOM: confuse monster(s)
 28733 | D:11     | Killed Josephine
 28769 | D:11     | XOM: silly message
 28857 | D:11     | XOM: confuse monster(s)
 28955 | D:11     | Noticed Erica
 29027 | D:10     | XOM: vitrification
 29460 | D:11     | Reached skill level 11 in Stealth
 29644 | D:11     | Noticed Snorg
 29700 | D:12     | XOM: scenery: create altars
 29706 | D:12     | XOM: fog
 29783 | D:12     | XOM: god gift: 13 stones
 29835 | D:12     | XOM: medium Erth miscast
 29921 | D:12     | XOM: enchant monster (good)
 29957 | D:12     | XOM: polymorph centaur -> sheep
 30096 | D:12     | XOM: scenery: create altars
 30150 | D:12     | XOM: god gift: brightly glowing broad axe {god gift}
 30171 | D:12     | XOM: cast spell 'Summon Mana Viper'
 30230 | D:12     | Got a brightly glowing broad axe {god gift}
 30369 | D:12     | Noticed a purple ugly thing
 30372 | D:12     | XOM: summons 11 friendly demons
 30378 | D:12     | Killed a purple ugly thing
 30487 | D:13     | XOM: stealth player
 30531 | D:13     | XOM: scenery: create altars
 30544 | D:13     | XOM: divine lightning
 30563 | D:13     | XOM: divination: detect creatures
 30620 | D:11     | Noticed a hill giant
 30810 | D:11     | XOM: enchant monster (good)
 30812 | D:11     | Killed Erica
 30982 | D:9      | XOM: god gift: large garnet amulet {god gift}
 31002 | Lair:1   | Entered Level 1 of the Lair of Beasts
 31216 | Lair:1   | XOM: summons 5 friendly demons
 31218 | Lair:1   | Reached XP level 12. HP: 89/89 MP: 21/21
 31295 | Lair:1   | Noticed an eight-headed hydra
 31313 | Lair:1   | Noticed an entropy weaver
 31313 | Lair:1   | a seven-headed hydra changed into an entropy weaver
 31313 | Lair:1   | XOM: polymorph seven-headed hydra -> entropy weaver
 31316 | Lair:1   | XOM: destruction
 31320 | Lair:1   | Slain by a spiny frog

Skill      XL: |  1  2  3  4  5  6  7  8  9 10 11 |
---------------+----------------------------------+-----
Stealth        | 1 3 4 6 7 8 10 11 | 11.8
Fighting       | 2 3 |  3.3
Charms         | 4 5 6 7 8 9 |  9.6
Hexes          | 1 2 3 4 5 6 7 8 |  8.4
Dodging        | 2 3 5 6 7 8 |  8.8
Necromancy     | 1 2 3 4 5 6 |  6.9
Short Blades   | 3 4 5 7 |  7.2
Spellcasting   | 3 4 5 6 |  6.1
Transmutations | 1 2 3 4 6 |  6.3
Armour         | |  0.7
Evocations     | |  0.5

Action                   |  1- 3 |  4- 6 |  7- 9 | 10-12 || total
-------------------------+-------+-------+-------+-------++-------
Melee: Dagger            |    61 |   122 |   261 |   707 ||  1151
       Short sword       |     4 |       |       |       ||     4
       Bite              |     5 |     9 |    25 |    98 ||   137
       Unarmed           |       |     1 |     1 |       ||     2
       Quarterstaff      |       |       |    33 |    10 ||    43
       Spear             |       |       |       |    13 ||    13
       Scimitar          |       |       |       |     1 ||     1
 Fire: Blowgun           |       |     4 |    10 |    45 ||    59
       Shortbow          |       |       |   121 |   261 ||   382
Throw: Stone             |    69 |   150 |    27 |    35 ||   281
       Tomahawk          |       |    22 |    19 |    43 ||    84
 Cast: Infusion          |    18 |    15 |     2 |     2 ||    37
       Spectral Weapon   |       |     7 |    27 |    78 ||   112
       Regeneration      |       |     6 |    54 |    79 ||   139
       Shroud of Golubri |       |       |     4 |    10 ||    14
       Passwall          |       |       |     1 |     8 ||     9
       Animate Skeleton  |       |       |       |    26 ||    26
       Dazzling Spray    |       |       |       |    16 ||    16
Invok: Renounce Religion |       |     1 |       |       ||     1
 Abil: Bat Form          |     4 |    77 |   100 |   198 ||   379
       End Transformatio |     3 |    77 |   101 |   198 ||   379
Evoke: Wand              |       |       |     1 |     6 ||     7
  Use: Potion            |       |     4 |    13 |    14 ||    31
       Scroll            |       |     2 |     3 |       ||     5
 Stab: Sleeping          |       |    13 |     8 |    19 ||    40
       Distracted        |       |     2 |     9 |    20 ||    31
       Paralysed         |       |       |     2 |     3 ||     5
       Invisible         |       |       |     1 |    12 ||    13
       Confused          |       |       |     1 |     8 ||     9
       Petrifying        |       |       |     1 |     3 ||     4
       Petrified         |       |       |     2 |     1 ||     3
Armor: Leather armour    |    20 |    20 |   101 |   104 ||   245
       Troll hide        |       |       |       |    23 ||    23
Dodge: Dodged            |    23 |    65 |   272 |   710 ||  1070
